 Dungeon Sprint DCSS version 0.27-a0-249-g74f53ef629 (webtiles) character file.

Game seed: 7481201963596080282

17957 mhtbhm the Executioner (level 12, -23/124 HPs)
             Began as a Minotaur Fighter on Feb 4, 2021.
             Was the Champion of Trog.
             Annihilated by a large abomination (32 damage)
             ... in the Dungeon (Sprint VII: "The Pits").
             The game lasted 00:04:10 (3029 turns).

mhtbhm the Executioner (Minotaur Fighter)           Turns: 3029, Time: 00:04:11

Health: -23/124    AC: 13    Str: 29    XL:     12   Next: 23%
Magic:  11/11      EV: 15    Int:  5    God:    Trog [******]
Gold:   0          SH: 15    Dex: 10    Spells: 11/11 levels left

rFire    . . .     SeeInvis .   r - +3 war axe (flame)
rCold    . . .     Faith    .   c - +0 kite shield
rNeg     . . .     Spirit   .   b - +4 chain mail
rPois    .         Reflect  .   (helmet restricted)
rElec    .         Harm     .   (no cloak)
rCorr    .         Rampage  .   (no gloves)
Will     .....     NoTele   +   (no boots)
Stlth    ..........             (no amulet)
HPRegen  0.30/turn              n - +3 ring of strength
MPRegen  0.12/turn              o - +3 ring of evasion

@: lethally poisoned (-23 -> -25), corroded, berserk cooldown, slowed, very slow
A: retaliatory headbutt, horns 2
a: Renounce Religion, Berserk, Trog's Hand, Brothers in Arms


You were in the Dungeon.
You worshipped Trog.
Trog was exalted by your worship.
You visited 1 branch

Inventory:

Hand Weapons
 a - a +3 antimagic broad axe
 r - a +3 war axe of flaming (weapon)
Missiles
 q - 2 throwing nets (quivered)
Armour
 b - a +4 chain mail (worn)
 c - a +0 kite shield (worn)
Jewellery
 n - a +3 ring of strength (left hand)
 o - a +3 ring of evasion (right hand)
Scrolls
 j - a scroll of blinking
 l - 3 scrolls of remove curse
 m - a scroll of summoning
Potions
 d - a potion of might
 e - 6 potions of curing
 f - 10 potions of heal wounds
 g - a potion of haste
 h - 4 potions of magic
 i - 5 potions of berserk rage
 k - 2 potions of invisibility
 p - a potion of attraction {unknown}


   Skills:
 + Level 16.8 Fighting
 + Level 21.5 Axes
 + Level 15.4 Armour
 + Level 6.4 Dodging
 + Level 1.3 Stealth
 + Level 16.5 Shields


You had 11 spell levels left.
You didn't know any spells.
Your spell library was empty.

Dungeon Overview and Level Annotations

Branches:
Dungeon (1/1)

Altars:
Cheibriados
Dithmenos
Elyvilon
Fedhas
Gozag
Hepliaklqana
Makhleb
Nemelex Xobeh
Okawaru
Qazlal
Ru
Sif Muna
Trog
Vehumet
Wu Jian
Xom
Yredelemnul
Zin
The Shining One
Beogh
Jiyva
Lugonu


Innate Abilities, Weirdness & Mutations

You reflexively headbutt those who attack you in melee.
You have a pair of horns on your head.


Message History

The elephant trunk-slaps you but does no damage.
You slice the elephant!! You burn the elephant!
The elephant is almost dead.
You slash the ice devil! You burn the ice devil!
You hit the large abomination but do no damage.
You feel sick. The large abomination hits you!
* * * LOW HITPOINT WARNING * * *
You block the ice devil's attack.
The elephant tramples you but does no damage.
The elephant misses you.
You slash the elephant! You burn the elephant.
You kill the elephant!
Trog accepts your kill.
You hit the large abomination but do no damage.
You barely miss the ice devil.
You feel sick.
You block the large abomination's attack.
The ynoxinul gestures.
The ice devil hits you but does no damage.
The large abomination hits you!!
You die...

################# ##
###### ####### .#
..+...# ....... .#
..##...### .......
##..###...'.## ......#
÷....##...#.)## ....#
###...##†##.÷.###3..###
..##..#.)†#...#.)X55..#
...+..+...+...')@4....#
..##..#)[.#...#..5....#
###...##'##...###...###
÷....##...#..## ....#
##..###...+.## ......
.##..##†..## .......
.###..)†..# ....... ##
######## #######


You could see a large abomination, an ice devil, a ynoxinul and 3 ufetubi.

Vanquished Creatures
  A nagaraja (D)
  Harold (D)
  Erica (D)
  An alligator snapping turtle (D)
  A two-headed ogre (D)
  Urug (D)
  2 flayed ghosts (D)
  An orc sorcerer (D)
  Maurice (D)
  A cyclops (D)
  A rust devil (D)
  7 elephants (D)
  A molten gargoyle (D)
  A smoke demon (D)
  2 hellwings (D)
  An ice devil (D)
  A demonic crawler (D)
  A large abomination (D)
  13 dream sheep (D)
  4 blink frogs (D)
  2 redbacks (D)
  A tarantella (D)
  8 yaks (D)
  3 wraiths (D)
  A ynoxinul (D)
  A fire bat (D)
  4 vampire mosquitoes (D)
  An acid dragon (D)
  An ice beast (D)
  An eye of draining (D)
  A necrophage (D)
  A black bear (D)
  A centaur (D)
  A wolf (D)
  A bullfrog (D)
  2 wights (D)
  A jelly (D)
  An iron imp (D)
  A worker ant (D)
  2 mummies (D)
  An ufetubus (D)
  An adder skeleton (D)
  2 orcs (D)
  A ball python (D)
  A bat (D)
  A giant cockroach (D)
  10 jackals (D)
  A quokka (D)
  3 frilled lizards (D)
  A kobold (D)
  A rat (D)
101 creatures vanquished.

Vanquished Creatures (collateral kills)
  Sonja (D)
  A rust devil (D)
  A swamp drake (D)
3 creatures vanquished.

Grand Total: 104 creatures vanquished

Notes
Turn   | Place    | Note
-------+----------+-------------------------------------------
     0 | D        | mhtbhm the Minotaur Fighter began the quest for the Orb.
     0 | D        | Reached XP level 1. HP: 19/19 MP: 0/0
    18 | D        | Found a bloodstained altar of Trog.
    18 | D        | Found a shimmering blue altar of Sif Muna.
    18 | D        | Found a viscous altar of Jiyva.
    18 | D        | Found a hazy altar of Hepliaklqana.
    18 | D        | Found an opulent altar of Gozag.
    19 | D        | Found a glowing golden altar of the Shining One.
    19 | D        | Found a glowing silver altar of Zin.
    19 | D        | Found a basalt altar of Yredelemnul.
    19 | D        | Found a shimmering altar of Xom.
    19 | D        | Found an ornate altar of the Wu Jian Council.
    19 | D        | Found a sacrificial altar of Ru.
    19 | D        | Found a stormy altar of Qazlal.
    19 | D        | Found an iron altar of Okawaru.
    19 | D        | Found a sparkling altar of Nemelex Xobeh.
    19 | D        | Found a burning altar of Makhleb.
    19 | D        | Found a blossoming altar of Fedhas.
    19 | D        | Found a white marble altar of Elyvilon.
    19 | D        | Found a shadowy altar of Dithmenos.
    19 | D        | Found a snail-covered altar of Cheibriados.
    21 | D        | Found a radiant altar of Vehumet.
    21 | D        | Found a corrupted altar of Lugonu.
    21 | D        | Found a roughly hewn altar of Beogh.
    23 | D        | Became a worshipper of Trog the Wrathful
    69 | D        | Reached * piety under Trog
    79 | D        | Reached ** piety under Trog
    80 | D        | Reached XP level 2. HP: 28/28 MP: 1/1
   193 | D        | Reached skill level 3 in Axes
   200 | D        | Reached *** piety under Trog
   201 | D        | Reached skill level 5 in Shields
   202 | D        | Reached skill level 5 in Fighting
   202 | D        | Reached skill level 5 in Armour
   202 | D        | Reached XP level 3. HP: 36/36 MP: 2/2
   203 | D        | Reached **** piety under Trog
   281 | D        | Noticed a fire bat
   282 | D        | Noticed a wolf
   291 | D        | Killed a wolf
   292 | D        | Reached skill level 5 in Axes
   292 | D        | Reached skill level 1 in Dodging
   292 | D        | Reached XP level 4. HP: 45/45 MP: 3/3
   292 | D        | Reached ***** piety under Trog
   293 | D        | Noticed a bullfrog
   299 | D        | Killed a bullfrog
   300 | D        | Reached skill level 6 in Axes
   300 | D        | Reached XP level 5. HP: 32/52 MP: 4/4
   305 | D        | Killed a fire bat
   306 | D        | Reached skill level 8 in Axes
   306 | D        | Reached XP level 6. HP: 15/61 MP: 5/5
   532 | D        | Noticed an ice beast
   537 | D        | Killed an ice beast
   537 | D        | Received a gift from Trog
   538 | D        | Reached skill level 10 in Shields
   547 | D        | Noticed a redback
   556 | D        | Killed a redback
   557 | D        | Reached skill level 9 in Axes
   557 | D        | Reached XP level 7. HP: 19/69 MP: 2/6
   775 | D        | Reached skill level 10 in Axes
   800 | D        | Noticed a cyclops
   800 | D        | Noticed a smoke demon
   810 | D        | Killed a cyclops
   811 | D        | Reached skill level 11 in Axes
   811 | D        | Reached skill level 10 in Armour
   811 | D        | Reached XP level 8. HP: 65/79 MP: 2/7
   811 | D        | Killed a smoke demon
   812 | D        | Reached skill level 10 in Fighting
   812 | D        | Reached skill level 12 in Axes
   812 | D        | Reached skill level 1 in Stealth
  1045 | D        | Reached ****** piety under Trog
  1297 | D        | Noticed a two-headed ogre
  1297 | D        | Noticed Urug
  1307 | D        | Killed a two-headed ogre
  1308 | D        | Reached skill level 14 in Axes
  1308 | D        | Reached XP level 9. HP: 86/86 MP: 8/8
  1309 | D        | Killed Urug
  1309 | D        | Received a gift from Trog
  1310 | D        | Reached skill level 15 in Axes
  1372 | D        | Noticed an ice devil
  1382 | D        | Killed an ice devil
  1394 | D        | Noticed a rust devil
  1410 | D        | Killed a rust devil
  1784 | D        | Noticed an orc sorcerer
  1784 | D        | Noticed a flayed ghost
  1784 | D        | Noticed Erica
  1788 | D        | Killed an orc sorcerer
  1788 | D        | Received a gift from Trog
  1789 | D        | Reached skill level 16 in Axes
  1794 | D        | Killed a flayed ghost
  1795 | D        | Reached XP level 10. HP: 97/97 MP: 3/9
  1810 | D        | Killed Erica
  1811 | D        | Reached skill level 17 in Axes
  2118 | D        | Noticed Harold
  2127 | D        | Killed Harold
  2127 | D        | Received a gift from Trog
  2196 | D        | Reached skill level 18 in Axes
  2204 | D        | Received a gift from Trog
  2217 | D        | Reached XP level 11. HP: 108/108 MP: 10/10
  2223 | D        | Reached skill level 19 in Axes
  2255 | D        | Noticed a flayed ghost
  2257 | D        | Noticed Sonja
  2261 | D        | Reached skill level 5 in Dodging
  2268 | D        | Killed a flayed ghost
  2274 | D        | Killed Sonja
  2592 | D        | Received a gift from Trog
  2600 | D        | Reached skill level 20 in Axes
  2628 | D        | Reached skill level 15 in Armour
  2633 | D        | Reached skill level 15 in Fighting
  2633 | D        | Received a gift from Trog
  2766 | D        | Noticed an alligator snapping turtle
  2776 | D        | Reached skill level 15 in Shields
  2780 | D        | Killed an alligator snapping turtle
  2780 | D        | Received a gift from Trog
  3001 | D        | Noticed Maurice
  3002 | D        | Noticed a nagaraja
  3010 | D        | Received a gift from Trog
  3011 | D        | Reached skill level 21 in Axes
  3017 | D        | Reached XP level 12. HP: 112/122 MP: 11/11
  3019 | D        | Killed a nagaraja
  3020 | D        | Killed Maurice
  3023 | D        | Received a gift from Trog
  3029 | D        | Annihilated by a large abomination

Illustrated notes

Levels and vault maps discovered:
D:        pitsprint [storerooms_1, entrance_room_1, metal_vault_5, armoury_2,
          mini_pit_1, grid_room_1, main_hall_1, silver_pit, the_coven_3,
          the_vestibule_1, steel_vault_5, golden_pit, hallway_of_sentries,
          crystal_vault_5, iron_vault_4, final_vault]

Skill      XL: |  1  2  3  4  5  6  7  8  9 10 11 12 |
---------------+-------------------------------------+-----
Fighting       | 4 5 6 7 8 9 10 12 13 16 | 16.8
Armour         | 4 5 6 7 8 9 10 11 13 14 15 | 15.4
Shields        | 4 5 7 8 9 10 11 12 13 15 16 | 16.5
Axes           | 3 5 6 8 9 11 14 16 18 21 | 21.5
Dodging        | 1 2 3 4 6 |  6.4
Stealth        | 1 |  1.3

Action                   |  1- 3 |  4- 6 |  7- 9 | 10-12 || total
-------------------------+-------+-------+-------+-------++-------
Melee: Hand axe          |    36 |    15 |       |       ||    51
       War axe           |     2 |       |    16 |   115 ||   133
       Headbutt          |     1 |     4 |    15 |    30 ||    50
       Broad axe         |       |     9 |    33 |    18 ||    60
Invok: Berserk           |     2 |       |     5 |     4 ||    11
       Brothers in Arms  |       |       |     1 |     1 ||     2
  Use: Potion            |       |       |     2 |       ||     2
Armor: Scale mail        |    19 |       |       |       ||    19
       Chain mail        |     7 |    20 |    15 |    44 ||    86
Dodge: Dodged            |    11 |    11 |    26 |    55 ||   103
Block: Kite shield       |    31 |    17 |    13 |    83 ||   144

Table legend: (Time is in decaauts)
 A = Elapsed time spent in this place.
 B = Non-inter-level travel time spent in this place.
 C = Inter-level travel time spent in this place.
 D = Time resting spent in this place.
 E = Time spent auto-exploring this place.
 F = Levels seen in this place.
 G = Mean time per level.
                   A        B        C        D        E       F      G
               +--------+--------+--------+--------+--------+-----+--------+
         Total |   3098 |   3098 |      0 |   2243 |    133 |   1 | 3098.0 |
       Dungeon |   3098 |   3098 |      0 |   2243 |    133 |   1 | 3098.0 |
               +--------+--------+--------+--------+--------+-----+--------+

Top non-repeatable levels by time:
       D: 3098 daAuts
